 Dungeon Crawl Stone Soup version 0.29.1-12-g30fa7ad0bf (webtiles) character file.

Game seed: 7467592487750058009

63 MisterFreud the Twirler (level 4, -1/33 HPs)
             Began as a Formicid Gladiator on Dec 27, 2022.
             Slain by a hobgoblin (3 damage)
             ... led by Robin
             ... on level 2 of the Dungeon.
             The game lasted 00:01:24 (1185 turns).

MisterFreud the Twirler (Formicid Gladiator)        Turns: 1185, Time: 00:01:24

Health: -1/33      AC:  4    Str: 20    XL:     4   Next: 31%
Magic:  4/4        EV: 12    Int:  8    God:
Gold:   96         SH:  0    Dex: 15    Spells: 3/3 levels left

rFire   . . .      SeeInvis +   a - +0 quarterstaff
rCold   . . .      Faith    .   m - orb {light}
rNeg    . . .      Spirit   .   b - +0 leather armour
rPois   +          Reflect  .   (helmet unavailable)
rElec   .          Harm     .   j - +0 cloak
rCorr   .          Rampage  .   (no gloves)
Will    .....                   (no boots)
Stlth   +.........              (no amulet)
HPRegen 0.11/turn               h - ring of poison resistance
MPRegen 0.09/turn               (no ring)

@: glowing
A: permanent stasis, dig shafts and tunnels, antennae 3, four strong arms
a: Dig, Shaft Self


You were on level 2 of the Dungeon.
You visited 1 branch of the dungeon, and saw 2 of its levels.

You collected 96 gold pieces.

Inventory:

Hand Weapons
 a - a +0 quarterstaff (weapon)
Missiles
 c - 3 throwing nets (quivered)
 d - a javelin
Armour
 b - a +0 leather armour (worn)
 j - a +0 cloak (worn)
 m - an orb of light (worn)
Jewellery
 h - a ring of poison resistance (left hand)
Scrolls
 k - a scroll of fog {unknown}
Potions
 e - a potion of mutation {unknown}
 f - 2 potions of haste {unknown}
 g - a potion of attraction {unknown}
 i - a potion of resistance {unknown}
 l - a potion of brilliance {unknown}
 n - a potion of heal wounds {unknown}


   Skills:
 - Level 2.1 Fighting
 + Level 4.8 Staves
 - Level 2.0 Throwing
 - Level 2.6 Dodging


You had 3 spell levels left.
You didn't know any spells.
Your spell library contained the following spells:

 Spells                   Type           Power      Damage    Failure   Level
 Summon Small Mammal      Summ           0%         N/A       45%         1
 Call Canine Familiar     Summ           0%         N/A       83%         3
 Summon Guardian Golem    Hex/Summ       0%         N/A       83%         3


Dungeon Overview and Level Annotations

Branches:
Dungeon (2/15)

Altars:


Innate Abilities, Weirdness & Mutations

You cannot be hasted, slowed, berserked, paralysed or teleported.
You can dig through walls and to a lower floor.
You have a pair of large antennae on your head. (SInv)
Your four strong arms can wield two-handed weapons with a shield.


Message History

Robin hits you from afar with a +1 vampiric spear.
The hobgoblin closely misses you.
Unknown command.
You completely miss the hobgoblin. Robin misses you.
Unknown command.
The hobgoblin closely misses you. Robin barely misses you.
The goblin barely misses you.
Unknown command.
You barely miss Robin. The hobgoblin barely misses you.
Robin throws the goblin at you! The goblin completely misses you.
Unknown command.
You barely miss Robin. The goblin hits you but does no damage.
The hobgoblin barely misses you. The goblin hits you but does no damage.
Robin says, "Kneel, worm!"
Robin barely misses you.
Unknown command.
You sock Robin!
Robin is heavily wounded.
The goblin completely misses you. The hobgoblin hits you.
Robin hits you with a +1 vampiric spear.
The goblin misses you.
Unknown command.
You thump Robin!
You kill Robin!
The goblin closely misses you. x2; The hobgoblin closely misses you.
The goblin hits you with a +0 club. The goblin barely misses you.
The hobgoblin hits you. x2
You barely miss the hobgoblin.
The goblin no longer looks unusually strong.
The goblin misses you. The goblin closely misses you.
The hobgoblin closely misses you. The hobgoblin hits you.
* * * LOW HITPOINT WARNING * * *
Unknown command.
Unknown command.
Unknown command.
Are you sure you want to shaft yourself?
The goblin closely misses you. The goblin hits you with a +0 club.
* * * LOW HITPOINT WARNING * * *
The hobgoblin hits you.
You die...

....# ....#
....### ..?....
.....## #
{B......
..#.#####g......
......)g@gg.#
####§'g###.#
##§≈§..≈≈##
#≈§§§..≈≈≈##
#≈≈≈.≈.≈.≈≈≈##
≈≈≈...≈...≈≈≈##
≈≈.≈.≈.≈.≈.≈≈≈##
≈...≈.⌠.≈...≈≈≈##
.≈.≈.≈.≈.≈)≈.≈≈≈#


You could see a giant cockroach, 3 hobgoblins and 2 goblins.

Vanquished Creatures
  Robin (D:2)
  A worm (D:2)
  2 ball pythons (D:1)
  5 endoplasms
  A giant cockroach (D:1)
  9 goblins
  7 hobgoblins
  2 jackals (D:2)
  3 kobolds
  3 quokkas
  3 bats (D:2)
  A frilled lizard (D:1)
  6 rats
44 creatures vanquished.

Notes
Turn   | Place    | Note
-------+----------+-------------------------------------------
     0 | D:1      | MisterFreud the Formicid Gladiator began the quest for the
                  | Orb.
     0 | D:1      | Reached XP level 1. HP: 16/16 MP: 1/1
   139 | D:1      | Reached XP level 2. HP: 22/22 MP: 2/2
   411 | D:1      | Reached skill level 4 in Staves
   411 | D:1      | Reached XP level 3. HP: 27/27 MP: 3/3
   941 | D:2      | Found a faded altar of an unknown god.
  1172 | D:2      | Identified the +2 helmet of Dawn {-Tele rN+ Str+4}
  1172 | D:2      | Noticed Robin
  1175 | D:2      | Reached XP level 4. HP: 26/33 MP: 4/4
  1183 | D:2      | Killed Robin
  1185 | D:2      | Slain by a hobgoblin

Illustrated notes

Levels and vault maps discovered:
D:1:      dpeg_arrival_morbid_curiosity, layout_rooms
D:2:      minmay_door_path, layout_basic, hellmonk_ecumenical_altar_dog_temple,
          kennysheep_cluttered_room, uniq_robin

Skill      XL: |  1  2 |
---------------+-------+-----
Staves         | 4 |  4.8
Fighting       | |  2.1
Throwing       | |  2.0
Dodging        | |  2.6

Action                   |  1- 3 |  4- 6 || total
-------------------------+-------+-------++-------
Melee: Quarterstaff      |    81 |     9 ||    90
 Abil: Shaft Self        |       |     1 ||     1
  Use: Scroll            |     3 |       ||     3
 Stab: Sleeping          |     3 |       ||     3
Armor: Leather armour    |    24 |     3 ||    27
Dodge: Dodged            |    53 |    24 ||    77
